 Dungeon Crawl Stone Soup version 0.24-a0-537-g2d01d4ab0a (webtiles) character file.

Game seed: 3567367941066243594

42 Mithandil the Skirmisher (level 3, 0/26 HPs)
             Began as a Demonspawn Abyssal Knight on Aug 15, 2019.
             Was a Follower of Lugonu.
             Slain by a gnoll
             ... wielding a +0 halberd
              (16 damage)
             ... on level 3 of the Dungeon.
             The game lasted 00:10:43 (1062 turns).

Mithandil the Skirmisher (DsAK)                     Turns: 1062, Time: 00:10:44

Health: 0/26       AC:  6    Str: 13    XL:     3   Next: 33%
Magic:  5/5        EV:  8    Int: 13    God:    Lugonu [*.....]
Gold:   94         SH:  3    Dex: 12    Spells: 2/2 levels left

rFire    . . .     SeeInvis .   a - +1 falchion
rCold    . . .     Gourm    .   i - +0 buckler
rNeg     . . .     Faith    .   e - +0 scale mail
rPois    .         Spirit   .   (no helmet)
rElec    .         Reflect  .   (no cloak)
rCorr    +         Harm     .   (no gloves)
MR       .....                  (no boots)
Stlth    ..........             (no amulet)
HPRegen  0.08/turn              b - ring of resist corrosion
MPRegen  0.09/turn              j - ring of attention (curse)

@: no status effects
A: hooves 1, frail 1, sense surroundings 1, powered by pain 1
a: Depart the Abyss, Renounce Religion


You were on level 3 of the Dungeon.
You worshipped Lugonu.
Lugonu was aware of your devotion.
You were hungry.

You visited 1 branch of the dungeon, and saw 4 of its levels.
You visited the Abyss 1 time.

You collected 94 gold pieces.

Inventory:

Hand Weapons
 a - a +1 falchion (weapon)
 h - a +3 whip
Missiles
 f - 22 bolts
 g - 49 stones (quivered)
Armour
 e - a +0 scale mail (worn)
 i - a +0 buckler (worn)
Jewellery
 b - a ring of resist corrosion (left hand)
 d - an uncursed ring of ice
 j - a cursed ring of attention (right hand)
Scrolls
 k - 2 scrolls of teleportation {unknown}
 l - a scroll of fog {unknown}
Potions
 m - a potion of cancellation
Comestibles
 c - 4 rations
 n - a chunk of flesh


   Skills:
 + Level 3.1 Fighting
 * Level 2.3 Long Blades
 + Level 1.9 Armour
 + Level 1.2 Dodging
 + Level 0.6 Stealth
 * Level 0.1 Shields
 + Level 0.8 Unarmed Combat
 + Level 3.0 Invocations


You had 2 spell levels left.
You didn't know any spells.
Your spell library contained the following spells:

 Spells                   Type           Power        Failure   Level  Hunger
 Magic Dart               Conj           #...         94%         1    ##.....
 Blink                    Tloc           N/A          98%         2    ###....
 Call Imp                 Summ           #.......     98%         2    ###....
 Slow                     Hex            #.......     98%         2    ###....
 Conjure Flame            Conj/Fire      #.......     100%        3    ####...
 Mephitic Cloud           Conj/Pois/Air  #.......     100%        3    ####...


Dungeon Overview and Level Annotations

Branches:
Dungeon (4/15)
 Temple: D:4-7

Altars:
Dithmenos


Innate Abilities, Weirdness & Mutations

You have large cloven feet.
You sometimes gain a little power by taking damage.
You are frail. (-10% HP)
You passively map a small area around you.


Message History

You see here a stone.
You block the gnoll's attack.
You hit the gnoll but do no damage. Your kick misses the gnoll.
The gnoll hits you with a +0 halberd.
The gnoll throws a stone.
You block the stone. The gnoll barely misses you.
You closely miss the gnoll. You kick the gnoll.
The gnoll is lightly wounded.
The gnoll throws a stone.
The stone hits you but does no damage. The gnoll barely misses you.
The gnoll hits you from afar with a +0 spear.
You hit the gnoll.
The gnoll is moderately wounded.
The gnoll throws a stone.
The stone hits you. The gnoll closely misses you. You block the gnoll's attack.
The gnoll hits you but does no damage.
The gnoll throws a stone.
The stone barely misses you.
You hit the gnoll.
The gnoll is severely wounded.
The gnoll hits you but does no damage. The gnoll hits you with a +0 halberd!
Ouch! That really hurt!
You die...

, ####### # #.....#
#.####*#.....# #.....
#.....### * #.....
#(......#. , ,##
#.....##<$g...... *
.######.....(((@gg.....
#.............#..$......
, * ....#
##.....##..g...... ,
.#..# #......*#.........
.# ....##>##,..........
, .#* ..# #. .##........
.# ..# # .,##.....#. >#
*..# *#, .###.# .####..#
*,


You could see 4 gnolls.

Vanquished Creatures
  An adder (D:3)
  2 leopard geckos
  A giant cockroach (D:1)
  8 goblins
  3 hobgoblins
  6 kobolds (D:1)
  3 bats (D:1)
  A frilled lizard (D:1)
  3 rats
28 creatures vanquished.

Notes
Turn   | Place    | Note
-------+----------+-------------------------------------------
     0 | Abyss:1  | Mithandil the Demonspawn Abyssal Knight began the quest for
                  | the Orb.
     0 | Abyss:1  | Reached XP level 1. HP: 18/18 MP: 2/2
    64 | Abyss:2  | Found an opulent altar of Gozag.
   139 | Abyss:2  | Noticed an efreet
   140 | D:1      | Escaped the Abyss
   291 | D:1      | You fall into a shaft and drop 1 floor!
   292 | D:2      | Reached skill level 1 in Dodging
   335 | D:1      | Gained mutation: You have large cloven feet. [demonic
                  | ancestry]
   335 | D:1      | Reached XP level 2. HP: 24/24 MP: 3/3
   368 | D:1      | Reached * piety under Lugonu
   586 | D:1      | Gained mutation: You have hoof-like feet. [potion of
                  | mutation]
   586 | D:1      | Gained mutation: Your system is resistant to poisons.
                  | (rPois) [potion of mutation]
   586 | D:1      | Gained mutation: Your mind is acute. (Int +2) [potion of
                  | mutation]
   788 | D:3      | Gained mutation: You sometimes gain a little power by
                  | taking damage. [demonic ancestry]
   788 | D:3      | Reached XP level 3. HP: 25/29 MP: 5/5
   805 | D:4      | Found a shadowy altar of Dithmenos.
   840 | D:2      | Lost mutation: You have hoof-like feet. [potion of
                  | mutation]
   840 | D:2      | Lost mutation: Your mind is acute. (Int +2) [potion of
                  | mutation]
   840 | D:2      | Lost mutation: Your system is resistant to poisons. (rPois)
                  | [potion of mutation]
   840 | D:2      | Gained mutation: You are frail. (-10% HP) [potion of
                  | mutation]
   840 | D:2      | Gained mutation: You passively map a small area around you.
                  | [potion of mutation]
  1062 | D:3      | Slain by a gnoll

Levels and vault maps discovered:
D:1:      elethiomel_arrival_maze, layout_basic
D:2:      layout_basic, fedhas_ov_isle_minmay
D:3:      layout_rooms, dancing_weapons_uskayaw,
          nicolae_gozag_cash_rules_everything_around_me, roderic_lattice_a
D:4:      layout_loops_ring, chequers_temple_overflow_statue_of_worship,
          grunt_dithmenos_smoke_and_mirrors, overflow_temple_1_default,
          tso_metal_star, uniq_edmund

Skill      XL: |  1  2  3 |
---------------+----------+-----
Dodging        | 1 |  1.2
Long Blades    | 2 |  2.3
Invocations    | 3 |  3.0
Fighting       | |  3.1
Armour         | |  1.9
Stealth        | |  0.6
Shields        | |  0.1
Unarmed Combat | |  0.8

Action                   || total
-------------------------++-------
Melee: Falchion          ||    90
       Kick              ||     6
Invok: Depart the Abyss  ||     1
  Use: Potion            ||     4
       Scroll            ||     2
Armor: Scale mail        ||    56
Dodge: Dodged            ||    51
Block: Buckler           ||     4
       Rpst.: Falchion   ||    14

Table legend:
 A = Non-vault XP
 B = Vault XP
 C = Vault XP percentage of total XP
 D = Non-vault monster count
 E = Vault monster count
 F = Vault count percentage of total count
                 A         B        C        D         E       F
            +---------+---------+-------+---------+---------+-------
      Total |      60 |       0 |   0.0 |      28 |       0 |   0.0
            +---------+---------+-------+---------+---------+-------
        D:1 |      34 |       0 |   0.0 |      21 |       0 |   0.0
        D:2 |       8 |       0 |   0.0 |       4 |       0 |   0.0
        D:3 |      18 |       0 |   0.0 |       3 |       0 |   0.0
            +---------+---------+-------+---------+---------+-------
